Map: Cyber Forest LE

Players

HellraiseR

  • Race: Protoss Protoss
  • Spawn Location: 5:00

TSGSolar (Solar) - Winner!

  • Race: Zerg Zerg
  • League: Diamond
  • Spawn Location: 11:00

Event: HomeStory Cup XIX

VOD

Have the link to the VOD?

Description

Time

  • Played on: June 29, 2019, 10:26 a.m.
  • Length: 8:10

All games in this series

Show
View Real Time Build Order
Export as new Build Order

HellraiseR Protoss 

Build Orders:  

Get SALT Encoding   

  12  0:01  Probe  
  13  0:13  Probe  
  14  0:20  Pylon  
  14  0:23  Probe  
  15  0:34  Probe  
  15  0:39  Gateway  
  16  0:44  Probe  
  16  0:48  Assimilator  
  17  0:56  Probe  
  18  1:08  Probe  
  19  1:18  Zealot  
  19  1:20  Probe  
  20  1:26  Cybernetics Core  
  20  1:29  Pylon  
  20  1:32  Probe  
  24  1:47  Probe  
  24  1:57  Adept  
  24  1:59  Probe  
  25  2:03  Warp Gate  
  27  2:24  Adept  
  29  2:34  Nexus  
  29  2:39  Probe  
  29  2:42  Pylon  
  30  2:47  Assimilator  
  30  3:02  Gateway  
  30  3:05  Gateway  
  30  3:13  Probe  
  30  3:16  Pylon  
  31  3:24  Robotics Facility  
  31  3:31  Probe  
  31  3:39  Probe  
  32  3:44  Probe  
  34  3:49  Probe  
  34  3:50  Stalker  
  34  3:52  Probe  
  37  3:57  Adept  
  37  4:01  Probe, Adept  
  37  4:02  Probe  
  44  4:13  Probe  
  44  4:14  Observer, Probe  
  44  4:15  Adept  
  49  4:19  Adept  
  49  4:23  Probe  
  51  4:25  Probe, Pylon  
  53  4:33  Stargate  
  54  4:40  Probe  
  54  4:41  Probe, Stargate  
  55  4:49  Probe  
  55  4:51  Assimilator  
  55  4:52  Probe  
  55  4:54  Assimilator  
  55  4:57  Probe  
  57  5:05  Probe  
  59  5:07  Pylon  
  59  5:08  Probe  
  60  5:17  Probe  
  62  5:23  Pylon  
  62  5:25  Adept x2, Oracle  
  62  5:28  Adept  
  70  5:32  Pylon  
  70  5:33  Oracle  
  70  5:41  Probe  
  70  5:42  Probe  
  75  5:50  Pylon  
  75  5:51  Zealot  
  75  5:54  Probe x2  
  79  6:02  Oracle  
  74  6:06  Probe, Oracle  
  74  6:10  Stargate  
  68  6:19  Nexus  
  68  6:25  Pylon  
  68  6:26  Probe  
  68  6:29  Zealot x2  
  68  6:30  Oracle  
  68  6:31  Zealot  
  75  6:36  Pylon  
  78  6:43  Oracle  
  78  6:44  Probe  
  73  6:49  Oracle  
  73  6:54  Pylon  
  76  7:07  Probe x2  
  78  7:10  Zealot x3  
  78  7:11  Oracle  
  87  7:18  Forge  
  87  7:20  Probe x2  
  87  7:22  Oracle  
  92  7:29  Oracle  
  92  7:30  Zealot x2  
  92  7:31  Zealot  
  90  7:52  Probe x2  
  90  7:54  Nexus  
  90  7:55  Pylon  
Show
View Real Time Build Order
Export as new Build Order

TSGSolar Zerg - Winner!

Build Orders: Hatch First 

Get SALT Encoding   

  12  0:01  Drone  
  13  0:12  Overlord  
  13  0:16  Drone  
  14  0:31  Drone x2  
  16  0:52  Hatchery  
  16  0:54  Drone  
  16  0:56  Drone  
  17  1:00  Drone  
  18  1:10  Extractor  
  17  1:16  Spawning Pool  
  16  1:18  Drone  
  16  1:23  Drone  
  18  1:29  Drone  
  19  1:42  Drone  
  20  1:52  Overlord  
  20  1:58  Hatchery  
  20  2:01  Evolution Chamber  
  19  2:04  Queen  
  22  2:11  Zergling x2  
  22  2:14  Zergling x2  
  24  2:15  Metabolic Boost  
  24  2:22  Zergling x2  
  25  2:34  Drone  
  25  2:40  Queen  
  25  2:43  Zergling x2  
  28  2:47  Hatchery  
  27  2:54  Drone  
  28  3:04  Drone  
  29  3:11  Drone x3  
  29  3:12  Drone  
  33  3:16  Overlord  
  33  3:20  Drone  
  33  3:25  Queen  
  36  3:35  Drone x2  
  36  3:39  Drone  
  39  3:42  Drone  
  39  3:47  Drone x3  
  43  3:49  Drone  
  43  3:53  Overlord  
  43  3:57  Overlord  
  43  3:59  Drone  
  43  4:00  Drone x2  
  46  4:04  Roach Warren  
  46  4:06  Drone  
  46  4:07  Zergling x2  
  47  4:11  Overlord  
  47  4:17  Zergling x4  
  47  4:21  Overlord  
  47  4:22  Drone  
  50  4:25  Drone x2  
  50  4:29  Zergling x10  
  57  4:33  Zergling x2  
  57  4:38  Overlord  
  58  4:45  Drone x2  
  60  4:50  Roach x3  
  60  4:51  Extractor  
  60  4:52  Drone, Extractor  
  65  4:55  Drone x2  
  65  4:56  Drone x2  
  69  5:00  Drone  
  69  5:02  Overlord  
  69  5:04  Drone x2  
  69  5:05  Drone  
  72  5:07  Drone  
  72  5:08  Drone  
  72  5:11  Zergling x2, Extractor  
  74  5:18  Roach x2  
  78  5:22  Drone x3  
  78  5:23  Drone  
  78  5:26  Drone  
  78  5:27  Extractor  
  78  5:28  Overlord x2  
  82  5:29  Drone  
  82  5:34  Lair  
  82  5:35  Spore Crawler  
  82  5:36  Drone x2  
  82  5:39  Overlord  
  82  5:40  Overlord  
  82  5:41  Spore Crawler  
  83  5:46  Overlord  
  83  5:48  Drone, Spore Crawler  
  82  5:51  Roach  
  82  5:53  Roach  
  86  5:58  Zergling x6, Roach  
  84  6:07  Zergling x16  
  88  6:12  Drone x2  
  88  6:14  Drone  
  88  6:15  Ravager  
  88  6:16  Drone  
  90  6:20  Drone  
  90  6:21  Drone  
  90  6:25  Drone x2  
  94  6:27  Overlord  
  94  6:32  Zergling x12  
  100  6:36  Overseer  
  100  6:37  Hydralisk Den  
  100  6:38  Zergling x2  
  99  6:42  Zergling x8  
  101  6:48  Spore Crawler  
  101  6:50  Drone, Spore Crawler  
  88  7:07  Hydralisk x7  
  88  7:08  Hydralisk  
  94  7:11  Hydralisk  
  94  7:14  Hydralisk x2  
  100  7:17  Hydralisk  
  100  7:18  Hydralisk  
  100  7:22  Overlord  
  104  7:26  Hydralisk  
  104  7:29  Hydralisk  
  106  7:33  Hydralisk x3  
  106  7:36  Hydralisk  
  109  7:40  Hydralisk x2  
  108  7:46  Hydralisk x2  
Tags
 
Add a new tag
Caveats
  • Supply blocks, unpowered buildings, or Contaminate may cause inaccurate times.
  • Supply counts are checked every 10 seconds.